Unix NetHack Version 5.0.0-0 post-release - last build Jun 10 2026 00:39:30 (3ee93aec679c4c4259841fe613dc97188e26a321,branch:main).

Game began 2026-06-20 21:10:12, ended 2026-06-21 12:30:01.

Jyopro, lawful female human Valkyrie

                                              ---------
 -----------                                ##....?...|
 |.........|                                # |...../.|
 |.........|                                # |<..(...|
 |.........|                                = |.......-#
 ------.----                              ### -|-------#
       #                                  #    #       #
       #                                 ##            #
       #                                 #          ####
      ##          --------------    -----#          #--------------
    --.------    #-.............####%....#          #|............|
    |.......|#####|............|    |...|           )|.......\To..|
    |...(...|#    |.............####....|           %|........h...|
    |.......-#    --------------    ----            f|....C....h..|
    |.......|                                       @CG>......(.h.|
    |.......|                                        ..-.----------
    ---------

Jyopro the Woman-at-arms    St:18/03 Dx:13 Co:18 In:8 Wi:11 Ch:9  Lawful
Dlvl:11 $:25 HP:0(83) Pw:24(24) AC:-4 Xp:10 T:10755  Burdened

Latest messages:
 The plains centaur hits!
 The plains centaur misses!
 You miss the plains centaur.
 The plains centaur hits!
 The plains centaur misses!
 The gnome hits!
 The plains centaur misses!
 The plains centaur kicks!
 You hit the plains centaur!
 The tiger hits!
 The tiger hits again!
 The tiger bites!
 The plains centaur misses!
 The plains centaur misses!
 The gnome misses!
 The plains centaur hits!
 The plains centaur misses!
 There are many objects here.
 The tiger hits!
 The tiger misses!
 The tiger bites!
 The plains centaur picks up a yellow gem.
 The plains centaur hits!
 The plains centaur kicks!
 You hit the tiger!
 The tiger misses!
 The tiger hits!
 The tiger bites!
 The plains centaur misses!
 The plains centaur kicks!
 The plains centaur misses!
 The plains centaur kicks!
 What do you want to zap? [aejkpwFIMQRUWY or ?*] Y
 Nothing happens.
 The tiger hits!
 The tiger hits again!
 The tiger bites!
 The plains centaur misses!
 The plains centaur kicks!
 The plains centaur misses!
 The plains centaur just misses!
 The tiger hits!
 The tiger hits again!
 The tiger bites!
 You die...
 Do you want your possessions identified? [ynq] (y) y
 Do you want to see your attributes? [ynq] (y) y
 Do you want an account of creatures vanquished? [ynaq] (y) y
 Do you want to see your conduct and achievements? [ynq] (y) y
 Do you want to see the dungeon overview? [ynq] (y) y

Inventory:
 Coins    ('$')
  $ - 25 gold pieces
 Weapons  (')')
  t - 11 +1 darts named Blessed?
  r - 26 +0 darts
  b - a +0 dagger
  Z - a +0 elven spear
  E - the blessed rustproof +0 Excalibur (weapon in right hand)
 Armor    ('[')
  q - an uncursed +0 elven leather helm (being worn)
  X - an uncursed rusty +0 pair of iron shoes (being worn)
  c - a blessed +3 small shield (being worn)
  m - an uncursed burnt +0 mummy wrapping (being worn)
  l - a blessed +2 dwarvish mithril-coat (being worn)
  g - an uncursed +0 elven mithril-coat
 Comestibles  ('%')
  d - an uncursed food ration
  y - an uncursed food ration
 Scrolls  ('?')
  z - an uncursed scroll of blank paper
  x - an uncursed scroll of identify
  o - an uncursed scroll of punishment
  P - a blessed scroll of remove curse
 Potions  ('!')
  u - a blessed potion of confusion
  n - 2 uncursed potions of extra healing
  G - a cursed potion of fruit juice
  D - an uncursed potion of gain energy
  T - an uncursed potion of levitation
  L - an uncursed potion of object detection
  v - a cursed potion of see invisible
  i - an uncursed potion of sickness
  O - a potion of holy water
  N - 2 uncursed potions of water named Water
 Rings    ('=')
  h - a cursed ring of hunger
  H - an uncursed ring of see invisible
 Wands    ('/')
  F - a wand of cancellation named Cancel/Invis/Teleport (0:6)
  w - a wand of magic missile (0:6)
  a - a wand of magic missile (0:4)
  W - a wand of magic missile (0:3)
  U - a wand of opening (0:8)
  j - a wand of secret door detection (0:14)
  e - a wand of slow monster (0:5)
  k - a wand of slow monster (0:4)
  I - a wand of striking (0:7)
  Q - a wand of striking (0:1)
  R - a cursed wand of striking (0:3)
  M - a wand of teleportation named Cancel/Invis/Teleport (0:5)
  Y - a wand of teleportation (0:0)
  p - a wand of undead turning named Discharaged (0:5)
 Tools    ('(')
  J - an uncursed lock pick
  f - a cursed oil lamp
  V - an uncursed skeleton key
  A - an uncursed towel
  C - a +0 unicorn horn
  S - a +0 unicorn horn
 Gems/Stones  ('*')
  s - an uncursed opal
  B - an uncursed worthless piece of orange glass

Jyopro the Valkyrie's attributes:

Background:
 You were a Woman-at-arms, a level 10 human Valkyrie.
 You were lawful, nominally on a mission for Tyr
 who was opposed by Odin (neutral) and Loki (chaotic).
 You were right-handed.
 You were in the Dungeons of Doom, on level 11.
 You entered the dungeon 10755 turns ago.
 You had 6582 experience points, 3418 more were needed to attain level 11.

Basics:
 You had 0 out of 83 hit points.
 You had all 24 energy points (spell power).
 Your armor class was -4.
 Your wallet contained 25 zorkmids.
 Autopickup was off.

Final Characteristics:
 Your strength was 18/03 (peak:18/06, limit:18/100).
 Your dexterity was 13 (limit:18).
 Your constitution was 18 (limit:18).
 Your intelligence was 8 (limit:18).
 Your wisdom was 11 (limit:18).
 Your charisma was 9 (limit:18).

Final Status:
 You weren't hungry.
 You were burdened; movement was slightly slowed.
 You were wielding a long sword.
 You had basic skill with long sword and could have enhanced that.

Final Attributes:
 You were piously aligned.
 You were cold resistant.
 You were level-drain resistant.
 You were telepathic.
 You had automatic searching.
 You were stealthy.
 You were guarded.
 You were fast.
 You are dead.

Miscellaneous:
 You encountered 1 bones level.
 Total elapsed playing time was 3 hours, 1 minute and 19 seconds.

Major events:
 Turn
    1: Jyopro the lawful human Valkyrie entered the dungeon
  717: attained the rank of Skirmisher (level 3)
 2740: entered the Gnomish Mines
 2754: attained the rank of Fighter (level 6)
 3597: reached Mine Town
 9576: was given Excalibur by the Lady of the Lake
10105: attained the rank of Woman-at-arms (level 10)
10755: killed by a tiger

You didn't know any spells.

Skills:
 Fighting Skills
   bare handed combat [Unskilled]
   two weapon combat  [Unskilled]
   riding             [Unskilled]
 Weapon Skills
   dagger             [Basic]
   axe                [Unskilled]
   pick-axe           [Unskilled]
   short sword        [Unskilled]
   broadsword         [Unskilled]
   long sword         [Basic]
   two-handed sword   [Unskilled]
   saber              [Unskilled]
   hammer             [Unskilled]
   quarterstaff       [Unskilled]
   polearms           [Unskilled]
   spear              [Expert]
   trident            [Unskilled]
   lance              [Unskilled]
   sling              [Unskilled]
 Spellcasting Skills
   attack spells      [Unskilled]
   escape spells      [Unskilled]

Voluntary challenges:
 Character rerolling was not enabled.
 You were an atheist.
 You never genocided any monsters.
 You never polymorphed an object.
 You never changed form.
 You used no wishes.
Achievements:
 You entered a shop.
 You attained the rank of Skirmisher.
 You entered the Gnomish Mines.
 You attained the rank of Fighter.
 You entered Minetown.
 You entered a temple.
 You attained the rank of Woman-at-arms.

 The Dungeons of Doom: levels 1 to 11
    Level 1:
       Some fountains.
    Level 2:
       A general store.
       Stairs down to The Gnomish Mines.
    Level 3:
       A fountain.
    Level 4:
    Level 5:
    Level 6:
    Level 7:
       A sink.
    Level 8:
    Level 9:
       Some fountains.
       Oracle of Delphi.
    Level 10:
       A temple and an altar.
    Level 11: <- You were here.
       A throne.
       Final resting place for
          you, killed by a tiger.
 The Gnomish Mines: levels 3 to 10
    Level 3:
    Level 4:
    Level 5:
       Many shops, a temple and an altar, some fountains, a grave.
       Final resting place for
          Drastanta-Bar-Hum-Mal-Neu, killed by a hill orc.
    Level 6:
    Level 7:
    Level 8:
    Level 9:
    Level 10:


Vanquished creatures:
  2 ghosts
  a wumpus
  a stalker
  a giant zombie
  3 small mimics
  a warhorse
  2 xans
  a troll
  a pyrolisk
  a flaming sphere
  a tiger
  a dwarf ruler
  a leocrotta
  2 human mummies
  3 wraiths
  a leather golem
  2 Grey-elves
  a watchman
  a chameleon
  a crocodile
  a giant beetle
  2 wolves
  5 winter wolf cubs
  3 panthers
  3 leprechauns
 an iron piercer
  3 giant spiders
  a scorpion
  a horse
  a black light
  4 gnome rulers
  2 orc mummies
  a dwarf mummy
 an ogre
  a rust monster
  3 owlbears
  2 Green-elves
  2 lizards
  3 housecats
  2 blue jellies
  a gray unicorn
  a black unicorn
  2 dust vortices
  2 ravens
  2 plains centaurs
  a snake
  a fire ant
 13 bugbears
  a quasit
  2 Mordor orcs
 14 Uruk-hai
  a rock mole
  2 ponies
  7 fog clouds
 18 gnome leaders
  4 gnomish wizards
  a kobold mummy
  a guardian naga hatchling
  2 gray oozes
  a straw golem
  5 giant ants
  a little dog
  4 floating eyes
  a kitten
  3 dwarves
  a homunculus
  2 kobold leaders
  2 kobold shamans
  8 hill orcs
 12 rothes
  a centipede
  a giant bat
 an orc zombie
  2 dwarf zombies
  a wererat
  2 iguanas
  8 killer bees
  4 acid blobs
  4 coyotes
  2 gas spores
  2 hobbits
  a manes
  2 large kobolds
 13 hobgoblins
  5 cave spiders
  a brown mold
  a yellow mold
  a green mold
  2 red molds
 64 gnomes
  3 garter snakes
  2 gnome zombies
  7 geckos
 11 jackals
  a fox
  a kobold
  6 goblins
  7 grid bugs
  a bat
  9 lichens
  2 kobold zombies
  4 newts
358 creatures vanquished.

No species were genocided or became extinct.

Game over:
                       ----------
                      /          \
                     /    REST    \
                    /      IN      \
                   /     PEACE      \
                  /                  \
                  |      Jyopro      |
                  |      25 Au       |
                  |   killed by a    |
                  |      tiger       |
                  |                  |
                  |                  |
                  |       2026       |
                 *|     *  *  *      | *
        _________)/\\_//(\/(/\)/\//\/|_)_______

Farvel Jyopro the Valkyrie...

You died in The Dungeons of Doom on dungeon level 11 with 26881 points,
and 25 pieces of gold, after 10755 moves.
You were level 10 with a maximum of 83 hit points when you died.

